Map: Cactus Valley LE (Void)

Players

Railgan

  • Race: Terran Terran
  • League: Grandmaster
  • Spawn Location: 1:00

KEiSooN - Winner!

  • Race: Terran Terran
  • League: Master
  • Spawn Location: 7:00

VOD

Have the link to the VOD?

Description

Time

  • Played on: March 16, 2017, 3:58 p.m.
  • Length: 10:56
Show
View Real Time Build Order
Export as new Build Order

Railgan Terran 

Build Orders: Cyclone Opening, Reaper Expand 

Get SALT Encoding   

  12  0:01  SCV  
  13  0:13  SCV  
  14  0:18  Supply Depot  
  14  0:25  SCV  
  15  0:40  SCV  
  15  0:41  Barracks  
  16  0:45  Refinery  
  16  0:52  SCV  
  17  1:04  SCV  
  18  1:16  SCV  
  19  1:28  Orbital Command  
  19  1:31  Reaper  
  20  1:41  Command Center  
  20  1:45  Refinery  
  20  1:54  SCV  
  21  2:03  Marine  
  21  2:06  SCV  
  21  2:08  Factory  
  23  2:22  Supply Depot  
  23  2:23  Barracks Reactor  
  23  2:33  SCV  
  23  2:45  SCV  
  24  2:53  Cyclone  
  24  2:57  SCV  
  28  2:59  Marine x2  
  28  3:03  Bunker  
  28  3:04  Orbital Command  
  29  3:09  SCV  
  29  3:11  Supply Depot  
  29  3:25  Cyclone  
  32  3:27  SCV  
  32  3:31  Starport  
  32  3:33  SCV  
  33  3:39  SCV  
  34  3:45  SCV  
  34  3:46  Marine  
  34  3:47  Marine  
  37  3:51  SCV  
  38  3:56  Bunker  
  38  3:57  SCV  
  39  4:03  SCV  
  39  4:09  SCV  
  41  4:15  Engineering Bay, SCV  
  41  4:17  Viking  
  44  4:19  Factory Tech Lab  
  44  4:21  SCV  
  45  4:27  SCV  
  45  4:28  Supply Depot  
  46  4:33  SCV  
  46  4:34  Factory  
  46  4:38  Refinery x2  
  47  4:39  SCV  
  48  4:46  Supply Depot, SCV  
  48  4:47  Missile Turret, Supply Depot  
  48  4:49  Starport Tech Lab  
  49  4:53  SCV  
  49  5:13  Viking  
  49  5:14  SCV x2  
  49  5:19  Starport  
  49  5:21  Siege Tank, Starport  
  54  5:22  Hellion  
  54  5:26  SCV x2  
  58  5:38  SCV  
  58  5:39  SCV  
  58  5:50  SCV  
  58  5:51  SCV  
  58  5:52  Corvid Reactor  
  58  5:56  Siege Tank  
  65  5:57  Hellion  
  65  6:03  SCV x2  
  67  6:08  Raven  
  67  6:10  Starport Tech Lab  
  69  6:15  SCV x2  
  71  6:23  Command Center  
  71  6:27  Starport Reactor, SCV x2  
  73  6:35  Supply Depot  
  73  6:37  Supply Depot  
  73  6:38  Missile Turret  
  73  6:39  SCV x2  
  75  6:40  Missile Turret  
  75  6:44  Missile Turret  
  75  6:47  Missile Turret  
  73  6:55  SCV  
  73  6:56  Raven  
  76  7:05  SCV  
  76  7:07  SCV  
  76  7:10  Raven  
  77  7:17  SCV  
  77  7:19  Viking x2  
  77  7:21  SCV  
  77  7:22  Siege Tank  
  84  7:23  Hellion x2  
  84  7:28  Missile Turret  
  84  7:29  SCV  
  87  7:37  Orbital Command  
  87  7:39  Command Center  
  87  7:46  Hi-Sec Auto Tracking  
  87  7:48  Missile Turret  
  87  7:52  Missile Turret  
  87  7:54  Raven  
  89  7:59  SCV  
  89  8:01  Hellion x2  
  89  8:02  Siege Tank  
  89  8:03  SCV  
  89  8:04  Orbital Command  
  100  8:23  SCV x2  
  102  8:28  Missile Turret  
  102  8:29  Missile Turret, Command Center  
  102  8:35  Hellion x2  
  102  8:38  Refinery  
  102  8:40  Refinery  
  106  8:42  Supply Depot  
  106  8:43  Viking  
  106  8:44  Supply Depot  
  102  8:49  Armory  
  102  8:51  Siege Tank, Armory  
  101  8:55  SCV  
  101  9:01  Hellion x2  
  103  9:10  Raven  
  105  9:19  Supply Depot, SCV x4  
  105  9:23  Siege Tank, Hellion x2  
  116  9:28  Supply Depot  
  117  9:31  SCV x2  
  99  9:42  Viking x2  
  103  9:51  Hellion  
  103  9:52  Hellion  
  107  9:55  Siege Tank  
  107  9:56  Orbital Command  
  109  10:01  SCV x2  
  109  10:06  Orbital Command  
  113  10:14  Hellion x2  
  115  10:21  SCV x2  
  115  10:25  Refinery x2  
  120  10:28  Refinery  
  122  10:41  Sensor Tower  
  120  10:44  Sensor Tower  
Show
View Real Time Build Order
Export as new Build Order

KEiSooN Terran - Winner!

Build Orders: 1/1/1, Cyclone Opening, Bio Tank 

Get SALT Encoding   

  12  0:00  SCV  
  13  0:12  SCV  
  14  0:22  Supply Depot  
  14  0:25  SCV  
  15  0:31  Refinery  
  15  0:44  SCV  
  15  0:49  Barracks  
  16  0:56  SCV  
  17  0:58  Refinery  
  17  1:08  SCV  
  18  1:20  SCV  
  19  1:35  Orbital Command  
  19  1:36  Reaper  
  19  1:39  Factory  
  20  1:49  Supply Depot  
  21  2:01  SCV  
  21  2:08  Reaper  
  22  2:13  SCV  
  23  2:24  Hellion, Starport  
  23  2:27  SCV  
  26  2:41  Barracks Tech Lab, SCV  
  27  2:48  Cyclone, Supply Depot  
  30  2:53  SCV  
  31  3:09  SCV  
  32  3:14  Barracks Reactor  
  32  3:20  Raven  
  32  3:22  SCV  
  35  3:32  Command Center  
  35  3:34  SCV  
  36  3:39  Supply Depot  
  36  3:40  Widow Mine  
  38  3:51  SCV  
  39  4:01  Marine x2  
  41  4:07  Raven  
  40  4:14  Factory Tech Lab  
  40  4:18  Marine  
  40  4:19  SCV  
  42  4:27  Marine  
  43  4:31  SCV  
  44  4:43  Siege Tank, SCV, Marine  
  44  4:44  Orbital Command  
  44  4:45  Marine  
  49  4:50  Supply Depot  
  49  4:52  Engineering Bay  
  50  4:55  SCV  
  51  5:03  Marine  
  52  5:07  SCV  
  52  5:13  SCV  
  54  5:15  Supply Depot  
  54  5:20  SCV  
  55  5:25  SCV  
  55  5:26  Marine x2  
  55  5:27  Siege Tank  
  61  5:30  Terran Infantry Weapons Level 1  
  61  5:32  Barracks, SCV  
  61  5:33  Barracks, Refinery  
  61  5:34  Supply Depot  
  62  5:37  Starport Reactor  
  62  5:40  SCV  
  63  5:44  Marine  
  63  5:46  SCV  
  63  5:47  Marine  
  66  5:52  SCV  
  67  5:58  Supply Depot, SCV  
  67  6:02  Siege Tank  
  71  6:04  Marine, SCV  
  71  6:06  Supply Depot  
  73  6:12  Marine  
  73  6:13  SCV  
  75  6:20  Supply Depot  
  75  6:22  Marine  
  75  6:23  Refinery  
  75  6:24  Supply Depot, Starport Reactor  
  76  6:29  SCV  
  76  6:31  Command Center  
  76  6:32  Marine  
  77  6:33  SCV  
  77  6:35  Stimpack  
  77  6:36  Marine  
  77  6:38  Marine  
  81  6:41  Marine, SCV  
  81  6:43  Marine  
  87  6:47  Siege Tank  
  87  6:49  SCV  
  88  6:55  SCV  
  89  7:02  Marine  
  89  7:03  Marine, SCV  
  89  7:07  Marine, SCV  
  89  7:08  Marine  
  95  7:16  SCV  
  95  7:17  Marine  
  95  7:19  Supply Depot x2  
  95  7:22  Barracks  
  97  7:23  Barracks  
  97  7:25  Marine x2, SCV  
  97  7:26  Siege Tank, Medivac  
  97  7:27  Marine  
  97  7:28  SCV  
  107  7:32  Marine  
  107  7:35  Terran Infantry Armor Level 1  
  108  7:39  Marine  
  108  7:41  Medivac  
  108  7:42  SCV  
  108  7:43  Orbital Command  
  110  7:47  Supply Depot  
  110  7:48  SCV  
  110  7:50  Marine x2  
  113  7:54  Marine  
  113  7:55  SCV  
  113  8:00  Marine x2, Siege Tank  
  113  8:01  SCV, Orbital Command  
  113  8:02  Medivac  
  113  8:05  Supply Depot  
  121  8:11  Barracks Tech Lab x2  
  121  8:13  Marine  
  121  8:17  Medivac  
  121  8:18  Marine  
  121  8:19  Marine  
  125  8:20  Marine  
  127  8:27  Supply Depot  
  127  8:30  SCV  
  127  8:33  SCV  
  130  8:34  SCV  
  130  8:35  Combat Shields  
  129  8:42  SCV  
  129  8:45  SCV  
  131  8:48  Marine, Command Center  
  131  8:53  Marine x2  
  131  8:54  Marine, Marauder  
  131  8:55  Siege Tank, Marauder x2, Medivac  
  146  9:00  Armory  
  146  9:05  Engineering Bay  
  146  9:09  Marine  
  145  9:11  Marine x3  
  145  9:16  SCV  
  149  9:17  SCV  
  149  9:18  Refinery  
  149  9:20  Supply Depot x2  
  150  9:26  Barracks x2  
  150  9:28  Barracks  
  149  9:36  Marine x2  
  149  9:37  Marauder  
  141  9:40  Marauder x2  
  141  9:41  Ghost Academy  
  141  9:44  Supply Depot  
  141  9:45  Supply Depot  
  145  9:46  Marine  
  145  9:47  Marine  
  147  9:54  Marine  
  147  9:57  Medivac x2  
  147  9:58  Siege Tank, Marauder  
  154  10:02  Marauder  
  154  10:04  Marine x2  
  154  10:05  Marauder  
  154  10:06  Marine  
  160  10:14  Barracks Tech Lab x3  
  160  10:19  Refinery  
  160  10:20  Marauder  
  162  10:23  Marauder  
  162  10:24  Orbital Command  
  162  10:26  Ghost  
  162  10:28  Marine  
  166  10:31  Marine x2  
Tags
 
Add a new tag
Caveats
  • Supply blocks, unpowered buildings, or Contaminate may cause inaccurate times.
  • Supply counts are checked every 10 seconds.